Unix NetHack Version 5.0.0-0 post-release - last build Jun 10 2026 00:39:30 (3ee93aec679c4c4259841fe613dc97188e26a321,branch:main).

Game began 2026-07-06 23:45:09, ended 2026-07-07 01:08:02.

JohnDarcy, neutral male human Tourist

                                         ----
                                ----------..|
                                |.....^..^^^|
                                |...d`-----^|
                                |..@`.|   |^--
                                |..`.`|----^.|
                                |.....|<.^.^.|
                                ---.---------|
                                 |..--->---..|
                                 |..`....%/`.|
                                 |.`%----..`.|
                                 |...|  |....|
                                 -----  ------

JohnDarcy the Excursionist  St:14 Dx:13 Co:17 In:12 Wi:7 Ch:13  Neutral
Dlvl:7  $:1318 HP:0(63) Pw:24(24) AC:-2 Xp:7 T:4746  Hungry   Burdened

Latest messages:
 The snake turns into a giant ant!
 The giant ant bites!
 What do you want to use or apply? [chmns-uV-Z or ?*] c
 In what direction? 1
 The giant ant is blinded by the flash!
 The giant ant misses!
 You miss the giant ant.
 The giant ant misses!
 You hit the giant ant.
 The giant ant bites!
 The giant ant bites!
 You hit the giant ant.
 The giant ant bites!
 You miss the giant ant.
 The giant ant misses!
 The giant ant attacks a spot beside you.
 You miss the giant ant.
 The giant ant misses!
 You hit the giant ant.
 The giant ant bites!
 You miss the giant ant.
 The giant ant just misses!
 The giant ant bites!
 The giant ant misses!
 You hit the giant ant.
 The giant ant misses!
 The giant ant misses!
 You miss the giant ant.
 The giant ant misses!
 You hit the giant ant.
 The giant ant misses!
 The giant ant bites!
 The giant ant bites!
 The giant ant bites!
 The giant ant misses!
 The giant ant turns into a hell hound!
 You miss the hell hound.
 The hell hound misses!
 What do you want to use or apply? [chmns-uV-Z or ?*] c
 In what direction? 9
 The flash of light shines on the hell hound.
 Welcome to experience level 7.
 The hell hound misses!
 The hell hound bites!
 The hell hound misses!
 You miss the hell hound.
 The hell hound bites!
 You die...
 Do you want your possessions identified? [ynq] (y) y
 Do you want to see your attributes? [ynq] (y) q

Inventory:
 Coins    ('$')
  $ - 1318 gold pieces
 Amulets  ('"')
  v - an uncursed amulet of flying
  w - an uncursed amulet of magical breathing (being worn)
 Weapons  (')')
  a - 9 +2 darts
  I - 3 +0 daggers
  H - the +0 Sting (weapon in right hand)
 Armor    ('[')
  y - a blessed +0 elven leather helm (being worn)
  x - a blessed +1 pair of leather gloves (being worn)
  z - an uncursed +0 pair of iron shoes (being worn)
  A - an uncursed +1 cloak of magic resistance (being worn)
  k - an uncursed +0 Hawaiian shirt with an orchid motif (being worn)
  o - an uncursed +0 elven mithril-coat (being worn)
 Comestibles  ('%')
  e - an uncursed carrot
  d - 6 uncursed food rations
  q - an uncursed lichen corpse
 Scrolls  ('?')
  C - a cursed scroll of amnesia
  p - a blessed scroll of blank paper
  G - 3 cursed scrolls of confuse monster
  f - a blessed scroll of destroy armor
  L - an uncursed scroll of enchant armor
  r - an uncursed scroll of enchant weapon
  E - 3 cursed scrolls of enchant weapon
  D - a cursed scroll of food detection
  j - 4 uncursed scrolls of magic mapping
  l - an uncursed scroll of scare monster
  F - a cursed scroll of teleportation
 Potions  ('!')
  i - an uncursed potion of extra healing
  M - a cursed potion of gain ability
  O - 2 blessed potions of healing
  S - 2 uncursed potions of healing
  P - 2 cursed potions of healing
  N - a cursed potion of levitation
  g - an uncursed potion of object detection
  J - 2 cursed potions of object detection
  R - a cursed potion of speed
  Q - 2 potions of holy water
  b - an uncursed potion of water
  K - a potion of unholy water
 Rings    ('=')
  U - a cursed ring of poison resistance
  B - a cursed ring of see invisible
  T - a cursed ring of slow digestion
 Wands    ('/')
  n - a wand of digging (0:5)
  W - a cursed wand of fire (0:0)
  V - a wand of light (0:11)
  X - a cursed wand of sleep (0:5)
  Y - a wand of slow monster (0:6)
  h - a wand of teleportation (0:5)
 Tools    ('(')
  u - an uncursed wooden flute
  m - an uncursed credit card
  c - an expensive camera (0:60)
  s - an uncursed leash
  Z - a cursed skeleton key
  t - an uncursed tallow candle

JohnDarcy the Tourist's attributes:

Background:
 You were an Excursionist, a level 7 male human Tourist.
 You were neutral, on a mission for The Lady
 who was opposed by Blind Io (lawful) and Offler (chaotic).
 You were right-handed.
 You were in Sokoban, on level 7.
 You entered the dungeon 4746 turns ago.
 It was nighttime.
 You had 809 experience points, 471 more were needed to attain level 8.

Basics:
 You had 0 out of 63 hit points.
 You had all 24 energy points (spell power).
 Your armor class was -2.
 Your wallet contained 1318 zorkmids.
 Autopickup was off.

Final Characteristics:
 Your strength was 14 (limit:18/100).
 Your dexterity was 13 (limit:18).
 Your constitution was 17 (limit:18).
 Your intelligence was 12 (limit:18).
 Your wisdom was 7 (limit:18).
 Your charisma was 13 (limit:18).

Final Status:
 You were hungry.
 You were burdened; movement was slightly slowed.
 You were wielding a dagger.
 You were unskilled in dagger.

Final Attributes:
 You were piously aligned.
 You were magic-protected.
 You were aware of the presence of orcs.
 You could survive without air.
 You were guarded.
 You are dead.

Miscellaneous:
 You encountered 1 bones level.
 Total elapsed playing time was 1 hour, 22 minutes and 52 seconds.

Major events:
 Turn
    1: JohnDarcy the neutral male human Tourist entered the dungeon
 1132: entered the Gnomish Mines
 1134: attained the rank of Sightseer (level 3)
 1462: chose a runed dagger to be named "Sting"
 3408: attained the rank of Excursionist (level 6)
 4654: entered Sokoban
 4746: killed by a chameleon imitating a hell hound

You didn't know any spells.

Skills:
 Fighting Skills
   bare handed combat [Unskilled]
   two weapon combat  [Unskilled]
   riding             [Unskilled]
 Weapon Skills
   dagger             [Unskilled]
   knife              [Unskilled]
   axe                [Unskilled]
   pick-axe           [Unskilled]
   short sword        [Unskilled]
   broadsword         [Unskilled]
   long sword         [Unskilled]
   two-handed sword   [Unskilled]
   saber              [Unskilled]
   mace               [Unskilled]
   morning star       [Unskilled]
   flail              [Unskilled]
   hammer             [Unskilled]
   quarterstaff       [Unskilled]
   polearms           [Unskilled]
   spear              [Unskilled]
   trident            [Unskilled]
   lance              [Unskilled]
   bow                [Unskilled]
   sling              [Unskilled]
   crossbow           [Unskilled]
   dart               [Basic]
   shuriken           [Unskilled]
   boomerang          [Unskilled]
   whip               [Unskilled]
   unicorn horn       [Unskilled]
 Spellcasting Skills
   divination spells  [Unskilled]
   enchantment spells [Unskilled]
   escape spells      [Unskilled]

Voluntary challenges:
 Character rerolling was not enabled.
 You were vegetarian.
 You never genocided any monsters.
 You never polymorphed an object.
 You never changed form.
 You used no wishes.
 You did not violate any of the special Sokoban rules.
Achievements:
 You entered a shop.
 You entered the Gnomish Mines.
 You attained the rank of Sightseer.
 You attained the rank of Excursionist.
 You entered Sokoban.

 The Dungeons of Doom: levels 1 to 8
    Level 1:
    Level 2:
       A general store, many altars, a fountain.
    Level 3:
       Stairs down to The Gnomish Mines.
    Level 4:
    Level 5:
       A fountain.
    Level 6:
       An armor shop, a grave.
    Level 7:
       Many fountains.
       Oracle of Delphi.
    Level 8:
       Stairs up to Sokoban, level 7.
 The Gnomish Mines:
    Level 4:
       Final resting place for
          mwm11235-Wiz-Hum-Mal-Neu, killed by a boulder.
 Sokoban:
    Level 7: <- You were here.
       Unsolved.
       Final resting place for
          you, killed by a chameleon imitating a hell hound.


Vanquished creatures:
  a small mimic
  a large dog
  3 wolves
  a leprechaun
  a gold golem
  a dingo
  a dwarf leader
  3 apes
  2 rope golems
  3 Woodland-elves
  a bugbear
  a mountain nymph
  3 Uruk-hai
  a shrieker
  a violet fungus
  2 gnome leaders
  a guardian naga hatchling
 an elf zombie
  a ghoul
  a baby crocodile
  a giant ant
  a little dog
  a homunculus
  a hill orc
  7 rothes
  a rabid rat
  2 dwarf zombies
  a werejackal
  3 iguanas
  3 acid blobs
  a coyote
  a hobbit
  a large kobold
  4 giant rats
  4 gnomes
  a gnome zombie
  a gecko
  5 jackals
  a fox
  a sewer rat
  5 grid bugs
  a lichen
  2 newts
79 creatures vanquished.

No species were genocided or became extinct.

Game over:
                       ----------
                      /          \
                     /    REST    \
                    /      IN      \
                   /     PEACE      \
                  /                  \
                  |    JohnDarcy     |
                  |     1318 Au      |
                  |   killed by a    |
                  |    chameleon     |
                  | imitating a hell |
                  |      hound       |
                  |       2026       |
                 *|     *  *  *      | *
        _________)/\\_//(\/(/\)/\//\/|_)_______

Aloha JohnDarcy the Tourist...

You died in Sokoban on dungeon level 7 with 3933 points,
and 1318 pieces of gold, after 4746 moves.
You were level 7 with a maximum of 63 hit points when you died.

